 Dungeon Crawl Stone Soup version 0.30-a0-161-gdd60e06945 (webtiles) character file.

Game seed: 5878019145950266882

165472 qw the Severer (level 17, 0/113 HPs)
             Began as a Gargoyle Fighter on Sept 27, 2022.
             Was a High Priest of Okawaru.
             Constricted to death by an anaconda (1 damage)
             ... on level 3 of the Snake Pit.
             The game lasted 00:15:30 (35866 turns).

qw the Severer (Gargoyle Fighter)                  Turns: 35866, Time: 00:15:30

Health: 0/113      AC: 57    Str: 30    XL:     17   Next: 88%
Magic:  0/24       EV: 11    Int: 10    God:    Okawaru [*****.]
Gold:   1243       SH: 19    Dex:  9    Spells: 16/16 levels left

rFire   . . .      SeeInvis .    B - +0 broad axe
rCold   . . .      Faith    .    A - +0 kite shield
rNeg    + + +      Spirit   .    u - +7 plate armour of Fyownum {rN+ Str+3}
rPois   inf        Reflect  +    g - +2 helmet
rElec   +          Harm     .    t - +2 cloak {rCorr}
rCorr   +          Rampage  .    v - +2 pair of gloves {infuse}
Will    +....                    x - +2 pair of boots of Okawaru's Hope {rN+}
Stlth   ..........               s - amulet "Suqaz" {Reflect rPois SH+5}
HPRegen 0.28/turn                j - +4 ring of protection
MPRegen 0.19/turn                n - +4 ring of evasion

@: about to teleport, heroic, flying, constricted
A: sickness immunity, AC +12, big wings, negative energy resistance 1,
electricity resistance, torment resistance 1, petrification resistance
a: Renounce Religion, Heroism, Finesse, Duel


You were on level 3 of the Snake Pit.
You worshipped Okawaru.
Okawaru was extremely pleased with you.
You visited 6 branches of the dungeon, and saw 29 of its levels.
You also visited: Gauntlet.

You collected 4186 gold pieces.
You spent 2943 gold pieces at shops.


Innate Abilities, Weirdness & Mutations

You are immune to sickness and miasma.
Your stone body is resilient. (AC +12)
You are immune to poison.
Your large and strong wings let you fly.
You resist negative energy. (rN+)
You are resistant to electric shocks. (rElec)
You are resistant to unholy torment.
You are immune to petrification.


   Skills:
 - Level 15.0(20.0) Fighting
 - Level 18.0(23.0) Axes
 - Level 8.0(13.0) Throwing
 - Level 14.0(19.0) Armour
 - Level 3.0(8.0) Dodging
 + Level 14.1(19.1) Shields
 - Level 10.0 Invocations


You had 16 spell levels left.
You didn't know any spells.
Your spell library was empty.

Inventory:

Hand Weapons
 f - the +12 morningstar of Agusac {venom, rC+ Will+}
   (You found it on level 14 of the Dungeon)

   It poisons the flesh of those it strikes.
   rC:        It protects you from cold.
   Will:      It increases your willpower.
 B - a +0 broad axe (weapon)
Missiles
 c - 16 boomerangs
 z - a javelin
 C - a silver javelin (quivered)
Armour
 g - a +2 helmet (worn)
 t - a +2 cloak of preservation (worn)
 u - the +7 plate armour of Fyownum (worn) {rN+ Str+3}
   (You bought it in a shop on level 6 of the Dungeon)

   Str:       It affects your strength (+3).
   rN:        It protects you from negative energy.
 v - a +2 pair of gloves of infusion (worn)
 x - the +2 pair of boots of Okawaru's Hope (worn) {rN+}
   (Okawaru gifted it to you on level 2 of the Lair of Beasts)

   rN:        It protects you from negative energy.
 A - a +0 kite shield (worn)
Jewellery
 b - a ring of protection from fire
 j - a +4 ring of protection (left hand)
 m - a ring of ice
 n - a +4 ring of evasion (right hand)
 r - the amulet "Tusto" {Spirit Rampage *Slow Str+5 SInv}
   (You found it in a Gauntlet)

   [amulet of guardian spirit]

   It causes incoming damage to be divided between your reserves of health and
   magic.
   Str:       It affects your strength (+5).
   SInv:      It lets you see invisible.
   *Slow:     It may slow you when you take damage.
   Rampage:   It bestows one free step when moving towards enemies.
 s - an amulet "Suqaz" (around neck) {Reflect rPois SH+5}
   (You bought it in a shop on level 1 of the Orcish Mines)

   [amulet of reflection]

   It reflects blocked missile attacks.
   rPois:     It protects you from poison.
   SH:        It affects your SH (+5).
 D - a ring of ice
Scrolls
 a - 10 scrolls of identify
 l - 13 scrolls of teleportation
 y - 6 scrolls of enchant armour
Potions
 d - 8 potions of might
 e - 3 potions of mutation
 h - 6 potions of heal wounds
 i - 10 potions of curing
 o - 4 potions of resistance
 p - 6 potions of magic
 q - 4 potions of haste
 w - 2 potions of lignification
 E - 3 potions of cancellation
 F - a potion of attraction

Dungeon Overview and Level Annotations

Branches:
Dungeon (15/15)            Temple (1/1) D:4            Lair (5/5) D:10
 Shoals (3/4) Lair:3        Snake (3/4) Lair:2        Slime (0/5) Lair:4
    Orc (2/2) D:10            Elf (0/3) Orc:2        Vaults (0/5) D:14
 Depths (0/4) D:15        Gauntlet (visited)

Altars:
Ashenzari
Cheibriados
Dithmenos
Elyvilon
Fedhas
Gozag
Hepliaklqana
Kikubaaqudgha
Makhleb
Nemelex Xobeh
Okawaru
Qazlal
Ru
Sif Muna
Trog
Uskayaw
Vehumet
Wu Jian
Xom
Yredelemnul
Zin
The Shining One
Jiyva

Shops:
D:6 [   D:7 *   D:13 [   Orc:1 *==((   Orc:2 [**(   Shoals:2 [

Annotations:
Lair:5 3 runed translucent doors, qw's ghost, journeyman GrFi


Message History

The anaconda bites you but does no damage.
The anaconda constricts you.
You slice the anaconda!!
The anaconda is almost dead.
You hear a shout!
You block the naga warrior's attack.
The salamander mystic points at the naga and mumbles some strange words.
The naga seems to speed up.
The anaconda bites you but does no damage.
The anaconda constricts you. You block the salamander's attack.
The naga sharpshooter unwields a +0 long sword of freezing.
The naga sharpshooter wields a +0 shortbow.
The naga sharpshooter gestures wildly while chanting.
The naga sharpshooter magically shoots an arrow.
You reflect the arrow off an invisible shield around you!
The naga spits poison at you. The splash of poison misses you.
The splash of poison hits the anaconda.
The anaconda is poisoned.
You block the naga warrior's attack.
You hit the anaconda but do no damage.
The anaconda is almost dead.
You block the anaconda's attack. The anaconda constricts you.
The salamander hits you from afar with a +0 glaive.
You are engulfed in flames!
The naga warrior hits you but does no damage.
You hit the anaconda.
The anaconda is almost dead.
You block the anaconda's attack. The anaconda constricts you.
You block the naga's attack. You block the salamander's attack.
The naga sharpshooter mumbles some strange words.
The naga sharpshooter magically shoots an arrow.
The arrow hits you!
The salamander hits you from afar with a +0 glaive.
You are engulfed in flames!
The anaconda barely misses you. The anaconda constricts you.
The naga warrior hits you but does no damage.
35866 ||| READING 14 scrolls of teleportation.
As you read the scroll of teleportation, it crumbles to dust.
You feel strangely unstable. You block the anaconda's attack.
The anaconda constricts you.
You die...

....#### ...#
........# )....
........# ...N.
#..#....##....#
#.#.#........
...........#
......)).N.#
......)...#
....#.#@<#..# .
..#S)#NN.#
...#NN#N...#
... #N. N..$..
.. #... ......#
. .N.## ....>##
...# #...## ...
#..#


You could see a naga warrior (fast), 2 naga sharpshooters, a salamander mystic
(strong), 2 salamanders, an anaconda (poisoned) and 4 nagas.

Vanquished Creatures
  Jorgrun (Shoals:1)
  Gastronok (Orc:1)
  Roxanne (D:15)
  A stone giant (Shoals:3)
  A minotaur (Gauntlet)
  A merfolk impaler (Shoals:1)
  Harold (Lair:1)
  A salamander tyrant (Snake:2)
  2 rakshasas (D:15)
  3 vault guards (D:14)
  6 merfolk avatars
  3 hydras
  2 anacondas (Snake:2)
  7 centaur warriors
  2 boulder beetles
  A merfolk aquamancer (Shoals:3)
  2 satyrs
  9 two-headed ogres
  3 tengu warriors (D:15)
  2 naga sharpshooters (Snake:1)
  15 death yaks
  4 naga warriors
  3 orc high priests (Orc:2)
  2 shock serpents
  Sonja (Lair:2)
  12 sea snakes
  A salamander mystic (Snake:2)
  Lodul (D:11)
  A naga ritualist (Snake:2)
  A glowing orange brain (D:15)
  A wizard (D:15)
  3 deep elf pyromancers (D:15)
  15 harpies
  8 orc knights
  4 mana vipers
  An orange crystal statue (Gauntlet)
  12 ugly things
  5 orc sorcerers
  10 fauns
  2 oklob plants (Lair:3)
  18 manticores
  4 salamanders
  16 cyclopes
  14 black mambas
  6 elephants
  A guardian serpent (shapeshifter) (D:14)
  2 merfolk sirens
  A guardian serpent (Snake:1)
  2 water nymphs
  8 naga magi
  A cane toad (shapeshifter) (D:15)
  2 gargoyles
  12 cane toads
  8 rime drakes
  A minotaur zombie (Gauntlet)
  3 tengu conjurers
  An efreet (D:15)
  10 komodo dragons
  2 kobold demonologists (D:11)
  A freezing wraith (D:15)
  3 meliai (D:15)
  14 merfolk
  A merfolk (shapeshifter) (D:14)
  3 wind drakes
  12 trolls
  6 polar bears
  2 wolf spider simulacra (Gauntlet)
  4 hornets (Lair:5)
  12 dream sheep
  Prince Ribbit (D:5)
  24 blink frogs
  2 snapping turtles
  13 slime creatures
  Sigmund (D:3)
  A culicivora (shapeshifter) (D:15)
  5 flying skulls (Gauntlet)
  A shadow (D:10)
  2 wraiths
  2 centaur simulacra (Gauntlet)
  8 water elementals
  4 wyverns
  A golden eye (shapeshifter) (D:14)
  6 humans
  4 basilisks
  71 yaks
  13 vampire mosquitoes
  Edmund (D:5)
  16 nagas
  Menkaure (D:5)
  An acid dragon (D:9)
  17 water moccasins
  24 orc warriors
  An ice beast (D:6)
  4 black bears
  An ice dragon simulacrum (Gauntlet)
  6 wolves
  19 ogres
  19 centaurs
  3 phantoms
  2 kobold brigands
  10 bullfrogs
  2 necrophages
  2 scorpions
  9 wights
  A troll zombie (D:10)
  6 killer bees (D:9)
  3 howler monkeys (D:8)
  A crimson imp (D:8)
  A jelly (D:6)
  4 hounds
  18 orc priests
  Ijyb (D:4)
  3 iguanas
  Natasha (thrice) (D:2)
  24 orc wizards
  7 hell rats (Lair:2)
  4 ogre zombies (D:10)
  4 gnolls (D:5)
  7 adders
  A white imp (D:5)
  4 ufetubi
  2 worms
  5 dart slugs
  76 orcs
  7 ball pythons
  6 endoplasms
  3 giant cockroaches
  18 goblins
  10 hobgoblins
  2 jackals (D:2)
  18 kobolds
  3 bats
  3 frilled lizards (D:2)
  2 goblin skeletons (D:10)
  3 hobgoblin zombies (D:10)
  4 orc skeletons (D:10)
  10 orc zombies (D:10)
  7 rats
  A bush (Lair:5)
891 creatures vanquished.

Vanquished Creatures (others)
  2 ogre magi
  A merfolk aquamancer (Shoals:3)
  An orc warrior (Orc:2)
  4 bushes
  29 fungi
  114 plants
151 creatures vanquished.

Grand Total: 1042 creatures vanquished

Notes
Turn   | Place    | Note
-------+----------+-------------------------------------------
     0 | D:1      | qw the Gargoyle Fighter began the quest for the Orb.
     0 | D:1      | Reached XP level 1. HP: 14/14 MP: 1/1
     0 | D:1      | 0 ||| qw: Version: 0.2-a-10-g37ed214
     0 | D:1      | 0 ||| qw: Game counter: 709
     0 | D:1      | 0 ||| qw: Always use a shield: true
     0 | D:1      | 0 ||| qw: God list: Okawaru
     0 | D:1      | 0 ||| qw: Allow faded altars: false
     0 | D:1      | 0 ||| qw: Do Orc after D:15 true
     0 | D:1      | 0 ||| qw: Do second Lair branch before Depths: true
     0 | D:1      | 0 ||| qw: Lair rune preference: random
     0 | D:1      | 0 ||| qw: Plans: Normal, Zot:1-4, God:TSO, Crypt, Tomb,
                  | Pan, Slime:5, Hells, Abyss, Orb
     0 | D:1      | 0 ||| PLANNING D:1-11
    56 | D:1      | Reached skill level 2 in Axes
   174 | D:1      | Reached XP level 2. HP: 19/19 MP: 2/2
   230 | D:1      | 230 ||| DROPPING +0 club.
   666 | D:1      | 666 ||| UPGRADING to +2 helmet.
   671 | D:1      | 671 ||| UPGRADING to amulet of regeneration.
   676 | D:1      | 676 ||| UPGRADING to +4 ring of protection.
   677 | D:1      | 677 ||| READING scroll labelled YWNAYT FOTHRUSU.
   681 | D:1      | 681 ||| READING scroll labelled RUAMATEHOM.
   684 | D:1      | 684 ||| READING scroll labelled YDWIZUNUIL.
   708 | D:2      | 708 ||| STAIRDANCE
   713 | D:1      | Reached skill level 3 in Axes
   724 | D:2      | 724 ||| Stepping ~*~*~tactically~*~*~ (stealth).
   726 | D:2      | 726 ||| Stepping ~*~*~tactically~*~*~ (hiding).
   736 | D:2      | Reached XP level 3. HP: 22/23 MP: 3/3
   834 | D:2      | Noticed Natasha
   838 | D:2      | Killed Natasha
   871 | D:2      | Noticed Natasha
   872 | D:2      | 872 ||| Stepping ~*~*~tactically~*~*~ (stealth).
   889 | D:2      | Reached XP level 4. HP: 28/28 MP: 4/4
   906 | D:2      | Reached skill level 4 in Axes
   932 | D:2      | 932 ||| Stepping ~*~*~tactically~*~*~ (stealth).
   937 | D:2      | 937 ||| Stepping ~*~*~tactically~*~*~ (stealth).
  1031 | D:2      | 1031 ||| Stepping ~*~*~tactically~*~*~ (stealth).
  1078 | D:2      | 1078 ||| Stepping ~*~*~tactically~*~*~ (hiding).
  1080 | D:2      | 1080 ||| Stepping ~*~*~tactically~*~*~ (stealth).
  1157 | D:2      | Killed Natasha
  1168 | D:2      | Reached XP level 5. HP: 32/32 MP: 5/5
  1248 | D:2      | Noticed Natasha
  1249 | D:2      | 1249 ||| Stepping ~*~*~tactically~*~*~ (stealth).
  1251 | D:2      | 1251 ||| Stepping ~*~*~tactically~*~*~ (hiding).
  1268 | D:2      | Killed Natasha
  1367 | D:2      | 1367 ||| UPGRADING to +0 plate armour.
  1377 | D:2      | 1377 ||| DROPPING +0 scale mail.
  1378 | D:2      | 1378 ||| READING scroll labelled WOGUMO POAMPUTET.
  1378 | D:2      | Identified a scroll of acquirement
  1378 | D:2      | 1378 ||| ACQUIRING 1105 gold pieces
  1378 | D:2      | Acquired 1105 gold pieces
  1380 | D:2      | 1380 ||| READING scroll labelled QIMIRPH JYIRPHIKH.
  1381 | D:2      | 1381 ||| READING scroll labelled MUPHEV IKOJES.
  1382 | D:2      | 1382 ||| DRINKING 2 fizzy emerald potions.
  1383 | D:2      | 1383 ||| DROPPING potion of brilliance.
  1439 | D:3      | Noticed Sigmund
  1452 | D:3      | Killed Sigmund
  1453 | D:3      | Reached skill level 6 in Axes
  1453 | D:3      | Reached XP level 6. HP: 32/37 MP: 6/6
  1688 | D:3      | 1688 ||| Stepping ~*~*~tactically~*~*~ (stealth).
  1703 | D:3      | 1703 ||| Stepping ~*~*~tactically~*~*~ (stealth).
  1720 | D:3      | 1720 ||| DROPPING +0 whip.
  1905 | D:3      | Reached XP level 7. HP: 25/44 MP: 7/7
  2209 | D:3      | 2209 ||| READING 3 scrolls labelled QUELLA XUQI.
  2210 | D:3      | 2210 ||| READING 2 scrolls labelled JOARRUA XEJAJ.
  2211 | D:3      | 2211 ||| DRINKING 4 emerald potions.
  2212 | D:3      | 2212 ||| DRINKING 2 ruby potions.
  2213 | D:3      | 2213 ||| READING 2 scrolls of identify.
  2213 | D:3      | 2213 ||| IDENTIFYING fuming purple potion
  2214 | D:3      | 2214 ||| DROPPING scroll of poison.
  2215 | D:3      | 2215 ||| DROPPING potion of degeneration.
  2284 | D:4      | 2284 ||| READING scroll of enchant armour.
  2284 | D:4      | 2284 ||| ENCHANTING +0 plate armour.
  2310 | D:4      | 2310 ||| Stepping ~*~*~tactically~*~*~ (stealth).
  2312 | D:4      | 2312 ||| Stepping ~*~*~tactically~*~*~ (stealth).
  2329 | D:4      | Noticed Ijyb
  2331 | D:4      | Found a staircase to the Ecumenical Temple.
  2332 | D:4      | 2332 ||| PLANNING TEMPLE
  2356 | D:4      | Killed Ijyb
  2370 | D:4      | 2370 ||| READING scroll labelled HECWUF PECRA.
  2378 | Temple   | Entered the Ecumenical Temple
  2494 | Temple   | 2494 ||| PLANNING OKAWARU WORSHIP
  2592 | Temple   | Became a worshipper of Warmaster Okawaru
  2593 | Temple   | 2593 ||| PLANNING D:1-11
  2695 | D:4      | 2695 ||| Stepping ~*~*~tactically~*~*~ (stealth).
  2809 | D:4      | Identified the +0 pair of boots of Jiloimey {+Blink +Inv
                  | rN+}
  3038 | D:4      | 3038 ||| UPGRADING to +0 pair of boots of Jiloimey {+Blink
                  | +Inv rN+}.
  3043 | D:4      | 3043 ||| READING scroll labelled KUXKUQ LOUTT.
  3059 | D:5      | Entered Level 5 of the Dungeon
  3237 | D:5      | Noticed Prince Ribbit
  3269 | D:5      | Killed Prince Ribbit
  3270 | D:5      | Reached skill level 7 in Axes
  3270 | D:5      | Reached XP level 8. HP: 48/48 MP: 8/8
  3294 | D:5      | Reached * piety under Okawaru
  3332 | D:5      | Noticed Menkaure
  3333 | D:5      | 3333 ||| INVOKING Heroism.
  3334 | D:5      | 3334 ||| INVOKING Heroism.
  3338 | D:5      | Killed Menkaure
  3339 | D:5      | Reached skill level 1 in Dodging
  3339 | D:5      | Reached skill level 1 in Invocations
  3385 | D:5      | Noticed Edmund
  3386 | D:5      | 3386 ||| INVOKING Heroism.
  3395 | D:5      | Killed Edmund
  3396 | D:5      | Reached skill level 1 in Throwing
  3541 | D:5      | 3541 ||| Stepping ~*~*~tactically~*~*~ (stealth).
  3545 | D:5      | 3545 ||| Stepping ~*~*~tactically~*~*~ (stealth).
  3548 | D:5      | 3548 ||| Stepping ~*~*~tactically~*~*~ (stealth).
  3555 | D:5      | 3555 ||| Stepping ~*~*~tactically~*~*~ (stealth).
  3734 | D:5      | 3734 ||| Stepping ~*~*~tactically~*~*~ (stealth).
  3757 | D:5      | Reached skill level 3 in Invocations
  3921 | D:5      | 3921 ||| UPGRADING to +0 cloak of preservation.
  3926 | D:5      | 3926 ||| READING scroll labelled JALLUTW AQOPP.
  3935 | D:6      | 3935 ||| INVOKING Heroism.
  3953 | D:6      | 3953 ||| INVOKING Heroism.
  4034 | D:6      | 4034 ||| INVOKING Heroism.
  4053 | D:6      | Reached skill level 8 in Axes
  4053 | D:6      | Reached XP level 9. HP: 53/54 MP: 12/12
  4069 | D:6      | 4069 ||| Stepping ~*~*~tactically~*~*~ (stealth).
  4074 | D:6      | Reached skill level 6 in Fighting
  4080 | D:6      | 4080 ||| Stepping ~*~*~tactically~*~*~ (stealth).
  4092 | D:6      | Reached ** piety under Okawaru
  4173 | D:6      | 4173 ||| INVOKING Heroism.
  4212 | D:6      | 4212 ||| INVOKING Heroism.
  4364 | D:6      | 4364 ||| INVOKING Heroism.
  4392 | D:6      | Found Sile's Antique Armour Shop.
  4413 | D:6      | 4413 ||| BUYING jewelled plate armour (700 gold).
  4413 | D:6      | Bought a jewelled plate armour for 700 gold pieces
  4413 | D:6      | Identified the +7 plate armour of Fyownum {rN+ Str+3} (You
                  | bought it in a shop on level 6 of the Dungeon)
  4413 | D:6      | 4413 ||| BUYING pair of glowing gloves (187 gold).
  4413 | D:6      | Bought a pair of glowing gloves for 187 gold pieces
  4562 | D:6      | 4562 ||| UPGRADING to +7 plate armour of Fyownum {rN+
                  | Str+3}.
  4572 | D:6      | 4572 ||| DROPPING +1 plate armour.
  4573 | D:6      | 4573 ||| UPGRADING to +2 pair of gloves of infusion.
  4578 | D:6      | 4578 ||| READING scroll labelled FEAKOW ADGHEFU.
  4579 | D:6      | 4579 ||| READING 7 scrolls of identify.
  4579 | D:6      | 4579 ||| IDENTIFYING lumpy amethyst potion
  4580 | D:6      | 4580 ||| READING 6 scrolls of identify.
  4580 | D:6      | 4580 ||| IDENTIFYING metallic brown potion
  4581 | D:6      | 4581 ||| READING 5 scrolls of identify.
  4581 | D:6      | 4581 ||| IDENTIFYING clear potion
  4582 | D:6      | 4582 ||| READING 4 scrolls of identify.
  4582 | D:6      | 4582 ||| IDENTIFYING black potion
  4583 | D:6      | 4583 ||| READING 3 scrolls of identify.
  4583 | D:6      | 4583 ||| IDENTIFYING fizzy black potion
  4584 | D:6      | 4584 ||| DROPPING potion of berserk rage.
  4655 | D:7      | Found Ehappowa's Elemental Accessories.
  4670 | D:7      | 4670 ||| Stepping ~*~*~tactically~*~*~ (hiding).
  4700 | D:7      | 4700 ||| Stepping ~*~*~tactically~*~*~ (stealth).
  4758 | D:7      | 4758 ||| Stepping ~*~*~tactically~*~*~ (hiding).
  4769 | D:7      | 4769 ||| INVOKING Heroism.
  4816 | D:7      | 4816 ||| Stepping ~*~*~tactically~*~*~ (stealth).
  4863 | D:7      | 4863 ||| Stepping ~*~*~tactically~*~*~ (stealth).
  4868 | D:7      | 4868 ||| INVOKING Heroism.
  4882 | D:7      | Reached skill level 6 in Armour
  4989 | D:7      | 4989 ||| INVOKING Heroism.
  4993 | D:7      | Reached skill level 9 in Axes
  5055 | D:7      | 5055 ||| READING scroll of enchant weapon.
  5055 | D:7      | 5055 ||| ENCHANTING +1 war axe of venom.
  5146 | D:7      | 5146 ||| Stepping ~*~*~tactically~*~*~ (hiding).
  5148 | D:7      | 5148 ||| INVOKING Heroism.
  5487 | D:7      | 5487 ||| DROPPING +2 hat.
  5488 | D:7      | 5488 ||| READING scroll labelled QAUBUL YCITE.
  5589 | D:7      | 5589 ||| READING 4 scrolls of identify.
  5589 | D:7      | 5589 ||| IDENTIFYING viscous silvery potion
  5590 | D:7      | 5590 ||| READING 3 scrolls of identify.
  5590 | D:7      | 5590 ||| IDENTIFYING sedimented sapphire potion
  5591 | D:7      | 5591 ||| DROPPING potion of ambrosia.
  5637 | D:8      | 5637 ||| Stepping ~*~*~tactically~*~*~ (hiding).
  5638 | D:8      | 5638 ||| INVOKING Heroism.
  5648 | D:8      | 5648 ||| Stepping ~*~*~tactically~*~*~ (stealth).
  5735 | D:8      | 5735 ||| Stepping ~*~*~tactically~*~*~ (stealth).
  5752 | D:8      | 5752 ||| Stepping ~*~*~tactically~*~*~ (hiding).
  5754 | D:8      | 5754 ||| INVOKING Heroism.
  5823 | D:8      | 5823 ||| Stepping ~*~*~tactically~*~*~ (hiding).
  5824 | D:8      | 5824 ||| INVOKING Heroism.
  5827 | D:8      | 5827 ||| Stepping ~*~*~tactically~*~*~ (stealth).
  5831 | D:8      | 5831 ||| Stepping ~*~*~tactically~*~*~ (stealth).
  5834 | D:8      | 5834 ||| Stepping ~*~*~tactically~*~*~ (stealth).
  5835 | D:8      | 5835 ||| Stepping ~*~*~tactically~*~*~ (hiding).
  5838 | D:8      | Reached XP level 10. HP: 63/63 MP: 2/13
  5849 | D:8      | 5849 ||| Stepping ~*~*~tactically~*~*~ (stealth).
  5879 | D:8      | Reached *** piety under Okawaru
  5933 | D:8      | Identified the +2 trident "Usept" {elec, rElec rF+++ MP-9
                  | Int-3}
  5934 | D:8      | 5934 ||| Stepping ~*~*~tactically~*~*~ (stealth).
  5977 | D:8      | 5977 ||| Stepping ~*~*~tactically~*~*~ (stealth).
  6023 | D:8      | 6023 ||| Stepping ~*~*~tactically~*~*~ (stealth).
  6055 | D:8      | 6055 ||| DROPPING +0 flail.
  6093 | D:8      | 6093 ||| INVOKING Heroism.
  6121 | D:8      | 6121 ||| Stepping ~*~*~tactically~*~*~ (stealth).
  6151 | D:8      | 6151 ||| DROPPING +4 flail.
  6178 | D:8      | 6178 ||| INVOKING Heroism.
  6182 | D:8      | Reached skill level 10 in Axes
  6406 | D:8      | Identified the +4 flail of Evolution {venom, Str-2 Int+7}
  6408 | D:8      | 6408 ||| DROPPING +4 flail of Evolution {venom, Str-2
                  | Int+7}.
  6419 | D:8      | Found a stormy altar of Qazlal.
  6466 | D:8      | Found a burning altar of Makhleb.
  6467 | D:8      | Found a radiant altar of Vehumet.
  6666 | D:8      | Found a white marble altar of Elyvilon.
  6754 | D:8      | 6754 ||| READING scroll labelled APOHIL KAIGENY.
  6799 | D:9      | 6799 ||| INVOKING Heroism.
  7004 | D:9      | 7004 ||| INVOKING Heroism.
  7410 | D:9      | 7410 ||| INVOKING Heroism.
  7424 | D:9      | Reached **** piety under Okawaru
  7582 | D:9      | 7582 ||| Stepping ~*~*~tactically~*~*~ (stealth).
  7586 | D:9      | 7586 ||| Stepping ~*~*~tactically~*~*~ (stealth).
  7764 | D:9      | 7764 ||| READING scroll labelled EGIJOM TEIKK.
  7765 | D:9      | 7765 ||| READING scroll labelled OROUNE LAAPH.
  7789 | D:10     | Entered Level 10 of the Dungeon
  7789 | D:10     | Noticed a two-headed ogre
  7790 | D:10     | 7790 ||| INVOKING Heroism.
  7794 | D:10     | Killed a two-headed ogre
  7795 | D:10     | Reached skill level 11 in Axes
  7795 | D:10     | Reached XP level 11. HP: 60/68 MP: 8/14
  7845 | D:10     | 7845 ||| READING scroll of acquirement.
  7845 | D:10     | 7845 ||| ACQUIRING ring of ice
  7845 | D:10     | Acquired a ring of ice
  7869 | D:10     | 7869 ||| INVOKING Heroism.
  7984 | D:10     | 7984 ||| INVOKING Heroism.
  8045 | D:10     | Reached ***** piety under Okawaru
  8046 | D:10     | Reached skill level 9 in Fighting
  8176 | D:10     | 8176 ||| INVOKING Heroism.
  8270 | D:10     | Found a staircase to the Lair.
  8379 | D:10     | 8379 ||| Stepping ~*~*~tactically~*~*~ (stealth).
  8411 | D:10     | 8411 ||| Stepping ~*~*~tactically~*~*~ (stealth).
  8417 | D:10     | Reached skill level 6 in Invocations
  8436 | D:10     | 8436 ||| Stepping ~*~*~tactically~*~*~ (stealth).
  8497 | D:10     | 8497 ||| Stepping ~*~*~tactically~*~*~ (stealth).
  8503 | D:10     | 8503 ||| Stepping ~*~*~tactically~*~*~ (stealth).
  8538 | D:10     | 8538 ||| Stepping ~*~*~tactically~*~*~ (stealth).
  8546 | D:10     | 8546 ||| Stepping ~*~*~tactically~*~*~ (stealth).
  8556 | D:10     | 8556 ||| Stepping ~*~*~tactically~*~*~ (stealth).
  8557 | D:10     | 8557 ||| INVOKING Heroism.
  8642 | D:10     | 8642 ||| Stepping ~*~*~tactically~*~*~ (stealth).
  8661 | D:10     | 8661 ||| Stepping ~*~*~tactically~*~*~ (stealth).
  8677 | D:10     | 8677 ||| Stepping ~*~*~tactically~*~*~ (stealth).
  8723 | D:10     | 8723 ||| Stepping ~*~*~tactically~*~*~ (stealth).
  8725 | D:10     | 8725 ||| Stepping ~*~*~tactically~*~*~ (stealth).
  8770 | D:10     | 8770 ||| Stepping ~*~*~tactically~*~*~ (stealth).
  8856 | D:10     | Found a staircase to the Orcish Mines.
  8932 | D:10     | 8932 ||| FLEEEEING.
  8933 | D:10     | 8933 ||| FLEEEEING.
  8934 | D:10     | 8934 ||| FLEEEEING.
  8935 | D:10     | 8935 ||| FLEEEEING.
  8936 | D:10     | 8936 ||| FLEEEEING.
  8937 | D:10     | 8937 ||| FLEEEEING.
  8938 | D:10     | 8938 ||| FLEEEEING.
  8939 | D:10     | 8939 ||| FLEEEEING.
  8940 | D:10     | 8940 ||| STAIRDANCE
  8973 | D:9      | 8973 ||| READING scroll labelled EVU CERUNOLA.
  9051 | D:10     | 9051 ||| PLANNING LAIR
  9091 | Lair:1   | Entered Level 1 of the Lair of Beasts
  9128 | Lair:1   | 9128 ||| INVOKING Heroism.
  9135 | Lair:1   | Reached skill level 9 in Armour
  9164 | Lair:1   | Noticed Harold
  9165 | Lair:1   | 9165 ||| Stepping ~*~*~tactically~*~*~ (hiding).
  9166 | Lair:1   | 9166 ||| Stepping ~*~*~tactically~*~*~ (hiding).
  9168 | Lair:1   | 9168 ||| INVOKING Heroism.
  9182 | Lair:1   | Killed Harold
  9215 | Lair:1   | 9215 ||| INVOKING Heroism.
  9313 | Lair:1   | 9313 ||| INVOKING Heroism.
  9556 | Lair:1   | 9556 ||| INVOKING Heroism.
  9927 | Lair:1   | 9927 ||| INVOKING Heroism.
 10354 | Lair:1   | 10354 ||| Stepping ~*~*~tactically~*~*~ (hiding).
 10357 | Lair:1   | 10357 ||| Stepping ~*~*~tactically~*~*~ (hiding).
 10471 | Lair:1   | 10471 ||| DROPPING +2 pair of gloves.
 10472 | Lair:1   | 10472 ||| READING 8 scrolls of identify.
 10472 | Lair:1   | 10472 ||| IDENTIFYING smoky ruby potion
 10507 | Lair:2   | 10507 ||| Stepping ~*~*~tactically~*~*~ (stealth).
 10508 | Lair:2   | 10508 ||| Stepping ~*~*~tactically~*~*~ (stealth).
 10517 | Lair:2   | Reached XP level 12. HP: 67/76 MP: 8/18
 10524 | Lair:2   | Reached skill level 9 in Invocations
 10648 | Lair:2   | 10648 ||| Stepping ~*~*~tactically~*~*~ (stealth).
 10656 | Lair:2   | 10656 ||| Stepping ~*~*~tactically~*~*~ (stealth).
 10664 | Lair:2   | Received a gift from Okawaru
 10705 | Lair:2   | 10705 ||| INVOKING Heroism.
 10707 | Lair:2   | 10707 ||| Stepping ~*~*~tactically~*~*~ (stealth).
 10770 | Lair:2   | 10770 ||| Stepping ~*~*~tactically~*~*~ (stealth).
 10772 | Lair:2   | 10772 ||| Stepping ~*~*~tactically~*~*~ (stealth).
 10774 | Lair:2   | 10774 ||| Stepping ~*~*~tactically~*~*~ (stealth).
 10775 | Lair:2   | 10775 ||| INVOKING Heroism.
 10785 | Lair:2   | Reached skill level 12 in Axes
 11007 | Lair:2   | 11007 ||| INVOKING Heroism.
 11028 | Lair:2   | Reached skill level 6 in Shields
 11213 | Lair:2   | Found a staircase to the Snake Pit.
 11214 | Lair:2   | 11214 ||| Stepping ~*~*~tactically~*~*~ (hiding).
 11224 | Lair:2   | 11224 ||| Stepping ~*~*~tactically~*~*~ (hiding).
 11275 | Lair:2   | 11275 ||| Stepping ~*~*~tactically~*~*~ (stealth).
 11277 | Lair:2   | 11277 ||| Stepping ~*~*~tactically~*~*~ (stealth).
 11279 | Lair:2   | 11279 ||| INVOKING Heroism.
 11289 | Lair:2   | 11289 ||| Stepping ~*~*~tactically~*~*~ (stealth).
 11401 | Lair:2   | Identified the +2 pair of boots of Okawaru's Hope {rN+}
                  | (Okawaru gifted it to you on level 2 of the Lair of Beasts)
 11401 | Lair:2   | Received a gift from Okawaru
 11474 | Lair:2   | 11474 ||| Stepping ~*~*~tactically~*~*~ (stealth).
 11475 | Lair:2   | 11475 ||| Stepping ~*~*~tactically~*~*~ (stealth).
 11476 | Lair:2   | 11476 ||| Stepping ~*~*~tactically~*~*~ (stealth).
 11512 | Lair:2   | 11512 ||| INVOKING Heroism.
 11522 | Lair:2   | 11522 ||| FLEEEEING.
 11523 | Lair:2   | 11523 ||| FLEEEEING.
 11592 | Lair:2   | 11592 ||| INVOKING Heroism.
 11682 | Lair:2   | 11682 ||| INVOKING Heroism.
 11694 | Lair:2   | 11694 ||| FLEEEEING.
 11695 | Lair:2   | 11695 ||| FLEEEEING.
 11696 | Lair:2   | 11696 ||| FLEEEEING.
 11697 | Lair:2   | 11697 ||| FLEEEEING.
 11775 | Lair:2   | 11775 ||| Stepping ~*~*~tactically~*~*~ (stealth).
 11777 | Lair:2   | 11777 ||| INVOKING Heroism.
 11958 | Lair:2   | Noticed Sonja
 11966 | Lair:2   | 11966 ||| INVOKING Finesse.
 11978 | Lair:2   | 11978 ||| INVOKING Heroism.
 11992 | Lair:2   | Killed Sonja
 12287 | Lair:2   | 12287 ||| INVOKING Heroism.
 12313 | Lair:2   | 12313 ||| FLEEEEING.
 12314 | Lair:2   | 12314 ||| FLEEEEING.
 12315 | Lair:2   | 12315 ||| FLEEEEING.
 12316 | Lair:2   | 12316 ||| FLEEEEING.
 12357 | Lair:2   | 12357 ||| UPGRADING to +2 pair of boots of Okawaru's Hope
                  | {rN+}.
 12367 | Lair:2   | 12367 ||| INVOKING Heroism.
 12368 | Lair:2   | 12368 ||| DROPPING +0 pair of boots of Jiloimey {+Blink
                  | +Inv rN+}.
 12382 | Lair:2   | 12382 ||| DROPPING amulet of guardian spirit.
 12413 | Lair:3   | 12413 ||| STAIRDANCE
 12439 | Lair:3   | 12439 ||| STAIRDANCE
 12508 | Lair:3   | Noticed a six-headed hydra
 12509 | Lair:3   | 12509 ||| STAIRDANCE
 12526 | Lair:3   | 12526 ||| INVOKING Heroism.
 12527 | Lair:3   | 12527 ||| SWAPPING to +0 vampiric whip.
 12528 | Lair:3   | 12528 ||| INVOKING Finesse.
 12544 | Lair:3   | Killed a six-headed hydra
 12545 | Lair:3   | Reached skill level 13 in Axes
 12545 | Lair:3   | 12545 ||| SWAPPING to +2 war axe of venom.
 12781 | Lair:3   | 12781 ||| INVOKING Heroism.
 12870 | Lair:3   | 12870 ||| Stepping ~*~*~tactically~*~*~ (stealth).
 12871 | Lair:3   | 12871 ||| Stepping ~*~*~tactically~*~*~ (stealth).
 12875 | Lair:3   | 12875 ||| INVOKING Heroism.
 12878 | Lair:3   | Reached XP level 13. HP: 82/82 MP: 5/20
 13025 | Lair:3   | 13025 ||| INVOKING Heroism.
 13026 | Lair:3   | 13026 ||| INVOKING Finesse.
 13028 | Lair:3   | 13028 ||| Stepping ~*~*~tactically~*~*~ (stealth).
 13094 | Lair:3   | 13094 ||| Stepping ~*~*~tactically~*~*~ (stealth).
 13102 | Lair:3   | 13102 ||| Stepping ~*~*~tactically~*~*~ (stealth).
 13103 | Lair:3   | 13103 ||| Stepping ~*~*~tactically~*~*~ (stealth).
 13108 | Lair:3   | 13108 ||| INVOKING Heroism.
 13109 | Lair:3   | 13109 ||| Stepping ~*~*~tactically~*~*~ (stealth).
 13136 | Lair:3   | 13136 ||| INVOKING Finesse.
 13158 | Lair:3   | 13158 ||| DRINKING potion of cancellation.
 13165 | Lair:3   | Reached skill level 14 in Axes
 13449 | Lair:3   | 13449 ||| INVOKING Heroism.
 13538 | Lair:3   | 13538 ||| INVOKING Heroism.
 13572 | Lair:3   | Found a staircase to the Shoals.
 13575 | Lair:3   | 13575 ||| Stepping ~*~*~tactically~*~*~ (water).
 13678 | Lair:3   | 13678 ||| INVOKING Heroism.
 14116 | Lair:4   | 14116 ||| Stepping ~*~*~tactically~*~*~ (stealth).
 14117 | Lair:4   | 14117 ||| Stepping ~*~*~tactically~*~*~ (stealth).
 14119 | Lair:4   | 14119 ||| INVOKING Heroism.
 14257 | Lair:4   | 14257 ||| INVOKING Heroism.
 14335 | Lair:4   | 14335 ||| Stepping ~*~*~tactically~*~*~ (cloud).
 14374 | Lair:4   | 14374 ||| INVOKING Heroism.
 14389 | Lair:4   | 14389 ||| Stepping ~*~*~tactically~*~*~ (hiding).
 14393 | Lair:4   | 14393 ||| Stepping ~*~*~tactically~*~*~ (hiding).
 14394 | Lair:4   | 14394 ||| Stepping ~*~*~tactically~*~*~ (hiding).
 14581 | Lair:4   | Found a frozen archway.
 14606 | Lair:4   | 14606 ||| Stepping ~*~*~tactically~*~*~ (stealth).
 14607 | Lair:4   | 14607 ||| Stepping ~*~*~tactically~*~*~ (stealth).
 14608 | Lair:4   | 14608 ||| Stepping ~*~*~tactically~*~*~ (stealth).
 14609 | Lair:4   | 14609 ||| INVOKING Heroism.
 14610 | Lair:4   | 14610 ||| Stepping ~*~*~tactically~*~*~ (stealth).
 14612 | Lair:4   | 14612 ||| Stepping ~*~*~tactically~*~*~ (stealth).
 14700 | Lair:4   | You fall into a shaft and drop 1 floor!
 14700 | Lair:5   | Entered Level 5 of the Lair of Beasts
 14701 | Lair:5   | 14701 ||| INVOKING Heroism.
 14734 | Lair:5   | 14734 ||| INVOKING Finesse.
 14904 | Lair:5   | Found a runed translucent gate.
 14905 | Lair:5   | Found a runed translucent gate.
 14906 | Lair:5   | Found a runed translucent gate.
 15010 | Lair:4   | Found a viscous altar of Jiyva.
 15010 | Lair:4   | Found a staircase to the Slime Pits.
 15413 | Lair:4   | 15413 ||| READING 8 scrolls of identify.
 15413 | Lair:4   | 15413 ||| IDENTIFYING grey potion
 15414 | Lair:4   | 15414 ||| DROPPING potion of flight.
 15428 | Lair:5   | Noticed a minotaur
 15428 | Lair:5   | Noticed qw's ghost (journeyman GrFi)
 15444 | Lair:5   | 15444 ||| Stepping ~*~*~tactically~*~*~ (stealth).
 15466 | Lair:5   | Gained mutation: Your large and strong wings let you fly.
                  | [Gargoyle growth]
 15466 | Lair:5   | Reached XP level 14. HP: 90/90 MP: 1/21
 15495 | Lair:5   | Reached skill level 15 in Axes
 15545 | Lair:5   | 15545 ||| INVOKING Heroism.
 15546 | Lair:5   | 15546 ||| INVOKING Finesse.
 15549 | Lair:5   | 15549 ||| SWAPPING to +0 vampiric whip.
 15561 | Lair:5   | 15561 ||| SWAPPING to +2 war axe of venom.
 15610 | Lair:5   | Reached ****** piety under Okawaru
 15616 | Lair:5   | Identified the +2 animal skin of the Shoals {rPois rC++
                  | Dex-3 Slay+6} (Okawaru gifted it to you on level 5 of the
                  | Lair of Beasts)
 15616 | Lair:5   | Received a gift from Okawaru
 15630 | Lair:5   | 15630 ||| Stepping ~*~*~tactically~*~*~ (stealth).
 15631 | Lair:5   | 15631 ||| Stepping ~*~*~tactically~*~*~ (stealth).
 15655 | Lair:5   | 15655 ||| INVOKING Heroism.
 15659 | Lair:5   | 15659 ||| Stepping ~*~*~tactically~*~*~ (stealth).
 15737 | Lair:5   | 15737 ||| Stepping ~*~*~tactically~*~*~ (stealth).
 15738 | Lair:5   | 15738 ||| Stepping ~*~*~tactically~*~*~ (stealth).
 15770 | Lair:5   | 15770 ||| Stepping ~*~*~tactically~*~*~ (stealth).
 15786 | Lair:5   | 15786 ||| Stepping ~*~*~tactically~*~*~ (stealth).
 15787 | Lair:5   | 15787 ||| Stepping ~*~*~tactically~*~*~ (stealth).
 15788 | Lair:5   | 15788 ||| Stepping ~*~*~tactically~*~*~ (stealth).
 15799 | Lair:5   | Reached skill level 12 in Fighting
 15799 | Lair:5   | 15799 ||| FLEEEEING.
 15801 | Lair:5   | 15801 ||| Stepping ~*~*~tactically~*~*~ (stealth).
 15804 | Lair:5   | 15804 ||| Stepping ~*~*~tactically~*~*~ (hiding).
 15871 | Lair:5   | 15871 ||| Stepping ~*~*~tactically~*~*~ (stealth).
 15877 | Lair:5   | 15877 ||| INVOKING Heroism.
 15878 | Lair:5   | 15878 ||| INVOKING Finesse.
 15918 | Lair:5   | 15918 ||| Stepping ~*~*~tactically~*~*~ (stealth).
 15953 | Lair:5   | 15953 ||| Stepping ~*~*~tactically~*~*~ (stealth).
 16044 | Lair:5   | 16044 ||| Stepping ~*~*~tactically~*~*~ (stealth).
 16045 | Lair:5   | 16045 ||| Stepping ~*~*~tactically~*~*~ (stealth).
 16046 | Lair:5   | 16046 ||| Stepping ~*~*~tactically~*~*~ (stealth).
 16053 | Lair:5   | 16053 ||| INVOKING Heroism.
 16173 | Lair:5   | 16173 ||| Stepping ~*~*~tactically~*~*~ (stealth).
 16176 | Lair:5   | 16176 ||| Stepping ~*~*~tactically~*~*~ (stealth).
 16178 | Lair:5   | 16178 ||| Stepping ~*~*~tactically~*~*~ (stealth).
 16179 | Lair:5   | 16179 ||| Stepping ~*~*~tactically~*~*~ (stealth).
 16180 | Lair:5   | 16180 ||| Stepping ~*~*~tactically~*~*~ (stealth).
 16216 | Lair:5   | 16216 ||| Stepping ~*~*~tactically~*~*~ (hiding).
 16337 | Lair:5   | 16337 ||| INVOKING Heroism.
 16338 | Lair:5   | 16338 ||| INVOKING Finesse.
 16397 | Lair:5   | 16397 ||| Stepping ~*~*~tactically~*~*~ (stealth).
 16541 | Lair:5   | 16541 ||| Stepping ~*~*~tactically~*~*~ (stealth).
 16564 | Lair:5   | 16564 ||| Stepping ~*~*~tactically~*~*~ (stealth).
 16566 | Lair:5   | 16566 ||| Stepping ~*~*~tactically~*~*~ (hiding).
 16605 | Lair:5   | 16605 ||| DROPPING +0 flail of draining.
 16646 | Lair:5   | Identified the +2 leather armour of Springtime {rF+}
 16765 | Lair:5   | Reached skill level 16 in Axes
 16898 | Lair:5   | 16898 ||| PLANNING D:1-11
 16898 | Lair:5   | 16898 ||| READING 9 scrolls of identify.
 16898 | Lair:5   | 16898 ||| IDENTIFYING fuming dark potion
 16899 | Lair:5   | 16899 ||| DROPPING potion of invisibility.
 16999 | D:11     | 16999 ||| Stepping ~*~*~tactically~*~*~ (stealth).
 17002 | D:11     | 17002 ||| INVOKING Heroism.
 17168 | D:11     | 17168 ||| Stepping ~*~*~tactically~*~*~ (hiding).
 17170 | D:11     | 17170 ||| INVOKING Heroism.
 17179 | D:11     | 17179 ||| Stepping ~*~*~tactically~*~*~ (hiding).
 17197 | D:11     | 17197 ||| Stepping ~*~*~tactically~*~*~ (stealth).
 17204 | D:11     | 17204 ||| Stepping ~*~*~tactically~*~*~ (stealth).
 17213 | D:11     | Received a gift from Okawaru
 17406 | D:11     | Noticed Lodul
 17407 | D:11     | 17407 ||| Stepping ~*~*~tactically~*~*~ (stealth).
 17409 | D:11     | 17409 ||| Stepping ~*~*~tactically~*~*~ (stealth).
 17429 | D:11     | 17429 ||| INVOKING Heroism.
 17434 | D:11     | Killed Lodul
 17435 | D:11     | 17435 ||| Stepping ~*~*~tactically~*~*~ (stealth).
 17440 | D:11     | Reached skill level 3 in Throwing
 17902 | D:11     | 17902 ||| INVOKING Heroism.
 17903 | D:11     | 17903 ||| INVOKING Finesse.
 18019 | D:11     | 18019 ||| READING scroll of enchant armour.
 18019 | D:11     | 18019 ||| ENCHANTING +0 cloak of preservation.
 18105 | D:11     | 18105 ||| INVOKING Heroism.
 18112 | D:11     | Reached skill level 12 in Armour
 18119 | D:11     | Received a gift from Okawaru
 18326 | D:11     | 18326 ||| PLANNING D
 18350 | D:12     | 18350 ||| PLANNING GAUNTLET
 18378 | D:12     | Found a gate leading to a gauntlet.
 18387 | Gauntlet | Entered a Gauntlet
 18387 | Gauntlet | Found a transporter.
 18387 | Gauntlet | Found a transporter.
 18392 | Gauntlet | Found a transporter.
 18407 | Gauntlet | Found a transporter.
 18414 | Gauntlet | Noticed a quicksilver ooze
 18421 | Gauntlet | Found a transporter.
 18434 | Gauntlet | Found a transporter.
 18450 | Gauntlet | Found a transporter.
 18533 | Gauntlet | Found a transporter.
 18538 | Gauntlet | Found a transporter.
 18554 | Gauntlet | Found a transporter.
 18567 | Gauntlet | Found a transporter.
 18583 | Gauntlet | Found a transporter.
 18650 | Gauntlet | Found a transporter.
 18654 | Gauntlet | Found a transporter.
 18658 | Gauntlet | Noticed a dire elephant
 18665 | Gauntlet | Found a transporter.
 18674 | Gauntlet | Found a transporter.
 18722 | Gauntlet | 18722 ||| Stepping randomly (stuck).
 18723 | Gauntlet | 18723 ||| Stepping randomly (stuck).
 18724 | Gauntlet | 18724 ||| Stepping randomly (stuck).
 18767 | Gauntlet | 18767 ||| Stepping randomly (stuck).
 18768 | Gauntlet | 18768 ||| Stepping randomly (stuck).
 18822 | Gauntlet | 18822 ||| Stepping randomly (stuck).
 18824 | Gauntlet | 18824 ||| Stepping randomly (stuck).
 18828 | Gauntlet | 18828 ||| Stepping randomly (stuck).
 18830 | Gauntlet | 18830 ||| Stepping randomly (stuck).
 18832 | Gauntlet | 18832 ||| Stepping randomly (stuck).
 18834 | Gauntlet | 18834 ||| Stepping randomly (stuck).
 18836 | Gauntlet | 18836 ||| Stepping randomly (stuck).
 18838 | Gauntlet | 18838 ||| Stepping randomly (stuck).
 18869 | Gauntlet | 18869 ||| UPGRADING to +6 ring of strength.
 18927 | Gauntlet | 18927 ||| Stepping randomly (stuck).
 18928 | Gauntlet | 18928 ||| Stepping ~*~*~tactically~*~*~ (cloud).
 18929 | Gauntlet | 18929 ||| Stepping randomly (stuck).
 18930 | Gauntlet | 18930 ||| Stepping ~*~*~tactically~*~*~ (cloud).
 18931 | Gauntlet | 18931 ||| Stepping randomly (stuck).
 18932 | Gauntlet | 18932 ||| Stepping randomly (stuck).
 18933 | Gauntlet | 18933 ||| Stepping randomly (stuck).
 18934 | Gauntlet | 18934 ||| Stepping randomly (stuck).
 18935 | Gauntlet | 18935 ||| Stepping randomly (stuck).
 18936 | Gauntlet | 18936 ||| Stepping randomly (stuck).
 18937 | Gauntlet | 18937 ||| Stepping randomly (stuck).
 18938 | Gauntlet | 18938 ||| Stepping randomly (stuck).
 18939 | Gauntlet | 18939 ||| Stepping randomly (stuck).
 18940 | Gauntlet | 18940 ||| Stepping randomly (stuck).
 18941 | Gauntlet | 18941 ||| Stepping randomly (stuck).
 18942 | Gauntlet | 18942 ||| Stepping randomly (stuck).
 18966 | Gauntlet | Reached skill level 3 in Dodging
 19006 | Gauntlet | 19006 ||| UPGRADING to +4 ring of evasion.
 19008 | Gauntlet | 19008 ||| DROPPING +6 ring of strength.
 19027 | Gauntlet | 19027 ||| INVOKING Heroism.
 19028 | Gauntlet | 19028 ||| Stepping ~*~*~tactically~*~*~ (stealth).
 19034 | Gauntlet | 19034 ||| Stepping ~*~*~tactically~*~*~ (stealth).
 19035 | Gauntlet | 19035 ||| Stepping ~*~*~tactically~*~*~ (stealth).
 19127 | Gauntlet | 19127 ||| INVOKING Heroism.
 19128 | Gauntlet | 19128 ||| INVOKING Finesse.
 19262 | Gauntlet | Identified the amulet "Tusto" {Spirit Rampage *Slow Str+5
                  | SInv}
 19266 | Gauntlet | 19266 ||| DROPPING ring of see invisible.
 19285 | Gauntlet | 19285 ||| INVOKING Heroism.
 19286 | Gauntlet | 19286 ||| INVOKING Finesse.
 19396 | Gauntlet | 19396 ||| READING scroll of enchant armour.
 19396 | Gauntlet | 19396 ||| ENCHANTING +1 cloak of preservation.
 19425 | Gauntlet | Reached XP level 15. HP: 80/96 MP: 9/22
 19513 | D:12     | 19513 ||| PLANNING D
 19527 | D:12     | 19527 ||| Stepping ~*~*~tactically~*~*~ (stealth).
 19822 | D:12     | 19822 ||| Stepping ~*~*~tactically~*~*~ (hiding).
 19823 | D:12     | 19823 ||| Stepping ~*~*~tactically~*~*~ (hiding).
 19856 | D:12     | 19856 ||| Stepping ~*~*~tactically~*~*~ (hiding).
 19951 | D:12     | Found a shimmering blue altar of Sif Muna.
 19983 | D:12     | 19983 ||| Stepping ~*~*~tactically~*~*~ (stealth).
 19990 | D:12     | 19990 ||| Stepping ~*~*~tactically~*~*~ (stealth).
 20300 | D:12     | 20300 ||| UPGRADING to +0 kite shield.
 20310 | D:12     | 20310 ||| DROPPING +0 buckler.
 20466 | D:13     | 20466 ||| INVOKING Heroism.
 20494 | D:13     | Reached skill level 9 in Shields
 20516 | D:13     | 20516 ||| FLEEEEING.
 20517 | D:13     | 20517 ||| FLEEEEING.
 20518 | D:13     | 20518 ||| FLEEEEING.
 20519 | D:13     | 20519 ||| FLEEEEING.
 20632 | D:13     | 20632 ||| Stepping ~*~*~tactically~*~*~ (stealth).
 20633 | D:13     | 20633 ||| Stepping ~*~*~tactically~*~*~ (stealth).
 20635 | D:13     | 20635 ||| INVOKING Heroism.
 20636 | D:13     | 20636 ||| SWAPPING to +0 vampiric whip.
 20637 | D:13     | 20637 ||| INVOKING Finesse.
 20646 | D:13     | 20646 ||| SWAPPING to +2 war axe of venom.
 20668 | D:13     | 20668 ||| Stepping ~*~*~tactically~*~*~ (stealth).
 20765 | D:13     | 20765 ||| DROPPING +0 vampiric whip.
 20802 | D:13     | Found Cemogge's Antique Armour Shoppe.
 20811 | D:13     | 20811 ||| BUYING pair of glowing boots (315 gold).
 20811 | D:13     | Bought a pair of glowing boots for 315 gold pieces
 20866 | D:13     | 20866 ||| Stepping ~*~*~tactically~*~*~ (stealth).
 21738 | D:13     | 21738 ||| DROPPING +1 pair of boots of rampaging.
 21789 | D:14     | 21789 ||| STAIRDANCE
 21838 | D:14     | 21838 ||| STAIRDANCE
 21893 | D:14     | 21893 ||| DRINKING 10 potions of curing.
 21893 | D:14     | 21893 ||| (to cure confusion)
 21897 | D:14     | 21897 ||| DRINKING 9 potions of curing.
 21897 | D:14     | 21897 ||| (to cure confusion)
 22063 | D:14     | 22063 ||| INVOKING Heroism.
 22225 | D:14     | 22225 ||| FLEEEEING.
 22232 | D:14     | Received a gift from Okawaru
 22434 | D:14     | 22434 ||| Stepping ~*~*~tactically~*~*~ (hiding).
 22438 | D:14     | 22438 ||| INVOKING Heroism.
 22443 | D:14     | 22443 ||| Stepping ~*~*~tactically~*~*~ (hiding).
 22521 | D:14     | Found a gate to the Vaults.
 22522 | D:14     | 22522 ||| INVOKING Heroism.
 22532 | D:14     | Received a gift from Okawaru
 22610 | D:14     | 22610 ||| SWAPPING to +0 broad axe.
 22611 | D:14     | 22611 ||| DROPPING +2 war axe of venom.
 22618 | D:14     | 22618 ||| Stepping ~*~*~tactically~*~*~ (hiding).
 22732 | D:14     | 22732 ||| Stepping ~*~*~tactically~*~*~ (stealth).
 22758 | D:14     | 22758 ||| Stepping ~*~*~tactically~*~*~ (hiding).
 22760 | D:14     | 22760 ||| Stepping ~*~*~tactically~*~*~ (hiding).
 22932 | D:14     | Identified the +12 morningstar of Agusac {venom, rC+ Will+}
 22934 | D:14     | 22934 ||| DROPPING +0 morningstar.
 22997 | D:15     | Entered Level 15 of the Dungeon
 23243 | D:15     | Noticed Roxanne
 23244 | D:15     | 23244 ||| INVOKING Heroism.
 23245 | D:15     | 23245 ||| INVOKING Finesse.
 23272 | D:15     | Killed Roxanne
 23273 | D:15     | Reached skill level 12 in Shields
 23414 | D:15     | 23414 ||| INVOKING Heroism.
 23422 | D:15     | Reached skill level 6 in Throwing
 23557 | D:15     | 23557 ||| Stepping ~*~*~tactically~*~*~ (stealth).
 23560 | D:15     | 23560 ||| Stepping ~*~*~tactically~*~*~ (stealth).
 23561 | D:15     | 23561 ||| Stepping ~*~*~tactically~*~*~ (stealth).
 23613 | D:15     | 23613 ||| Stepping ~*~*~tactically~*~*~ (stealth).
 23621 | D:15     | 23621 ||| INVOKING Heroism.
 23631 | D:15     | Received a gift from Okawaru
 23660 | D:15     | 23660 ||| INVOKING Heroism.
 23863 | D:15     | Reached XP level 16. HP: 102/102 MP: 18/23
 24008 | D:15     | 24008 ||| Stepping ~*~*~tactically~*~*~ (hiding).
 24009 | D:15     | 24009 ||| Stepping ~*~*~tactically~*~*~ (hiding).
 24366 | D:15     | 24366 ||| Stepping ~*~*~tactically~*~*~ (hiding).
 24368 | D:15     | 24368 ||| Stepping ~*~*~tactically~*~*~ (hiding).
 24371 | D:15     | 24371 ||| INVOKING Heroism.
 24393 | D:15     | Identified the +1 robe of Moral Flaws {rPois} (Okawaru
                  | gifted it to you on level 15 of the Dungeon)
 24393 | D:15     | Received a gift from Okawaru
 24516 | D:15     | 24516 ||| Stepping ~*~*~tactically~*~*~ (stealth).
 24528 | D:15     | 24528 ||| Stepping ~*~*~tactically~*~*~ (hiding).
 24598 | D:15     | 24598 ||| Stepping ~*~*~tactically~*~*~ (stealth).
 24599 | D:15     | 24599 ||| Stepping ~*~*~tactically~*~*~ (stealth).
 24602 | D:15     | 24602 ||| INVOKING Heroism.
 24721 | D:15     | Found a staircase to the Depths.
 25218 | D:15     | 25218 ||| PLANNING ORC
 25218 | D:15     | 25218 ||| DROPPING scarf of shadows.
 25219 | D:15     | 25219 ||| DROPPING amulet of faith.
 25359 | Orc:1    | Entered Level 1 of the Orcish Mines
 25360 | Orc:1    | 25360 ||| INVOKING Heroism.
 25363 | Orc:1    | 25363 ||| Stepping ~*~*~tactically~*~*~ (hiding).
 25369 | Orc:1    | 25369 ||| Stepping ~*~*~tactically~*~*~ (hiding).
 25545 | Orc:1    | Found Oces's Weapon Emporium.
 25560 | Orc:1    | 25560 ||| Stepping ~*~*~tactically~*~*~ (hiding).
 25561 | Orc:1    | 25561 ||| Stepping ~*~*~tactically~*~*~ (hiding).
 25565 | Orc:1    | 25565 ||| INVOKING Heroism.
 25675 | Orc:1    | Noticed Gastronok
 25676 | Orc:1    | 25676 ||| INVOKING Heroism.
 25706 | Orc:1    | Killed Gastronok
 25874 | Orc:2    | Entered Level 2 of the Orcish Mines
 25901 | Orc:2    | 25901 ||| STAIRDANCE
 25906 | Orc:2    | 25906 ||| STAIRDANCE
 25908 | Orc:1    | 25908 ||| INVOKING Heroism.
 26012 | Orc:2    | 26012 ||| Stepping ~*~*~tactically~*~*~ (hiding).
 26013 | Orc:2    | 26013 ||| Stepping ~*~*~tactically~*~*~ (hiding).
 26032 | Orc:2    | 26032 ||| Stepping ~*~*~tactically~*~*~ (stealth).
 26033 | Orc:2    | 26033 ||| Stepping ~*~*~tactically~*~*~ (stealth).
 26036 | Orc:2    | 26036 ||| Stepping ~*~*~tactically~*~*~ (stealth).
 26112 | Orc:2    | 26112 ||| Stepping ~*~*~tactically~*~*~ (stealth).
 26114 | Orc:2    | 26114 ||| Stepping ~*~*~tactically~*~*~ (stealth).
 26288 | Orc:2    | 26288 ||| INVOKING Heroism.
 26389 | Orc:2    | Found a staircase to the Elven Halls.
 26400 | Orc:2    | 26400 ||| Stepping ~*~*~tactically~*~*~ (stealth).
 26630 | Orc:2    | 26630 ||| Stepping ~*~*~tactically~*~*~ (stealth).
 26655 | Orc:2    | 26655 ||| INVOKING Heroism.
 26902 | Orc:2    | 26902 ||| FLEEEEING.
 26905 | Orc:2    | 26905 ||| Stepping ~*~*~tactically~*~*~ (hiding).
 26924 | Orc:2    | 26924 ||| INVOKING Heroism.
 26953 | Orc:2    | 26953 ||| Stepping ~*~*~tactically~*~*~ (stealth).
 26956 | Orc:2    | 26956 ||| Stepping ~*~*~tactically~*~*~ (stealth).
 26991 | Orc:2    | Reached skill level 17 in Axes
 26991 | Orc:2    | Found Tett's Weapon Shoppe.
 27037 | Orc:2    | HP: 24/103 [orc high priest/divine providence (10)]
 27038 | Orc:2    | 27038 ||| READING 9 scrolls of teleportation.
 27039 | Orc:2    | 27039 ||| DRINKING 6 potions of heal wounds.
 27300 | Orc:2    | 27300 ||| Stepping ~*~*~tactically~*~*~ (stealth).
 27301 | Orc:2    | 27301 ||| Stepping ~*~*~tactically~*~*~ (hiding).
 27303 | Orc:2    | 27303 ||| Stepping ~*~*~tactically~*~*~ (hiding).
 27304 | Orc:2    | 27304 ||| Stepping ~*~*~tactically~*~*~ (hiding).
 27305 | Orc:2    | 27305 ||| INVOKING Heroism.
 27339 | Orc:2    | 27339 ||| Stepping ~*~*~tactically~*~*~ (stealth).
 27340 | Orc:2    | Found Nappubor's Assorted Antiques.
 27341 | Orc:2    | 27341 ||| Stepping ~*~*~tactically~*~*~ (hiding).
 27369 | Orc:2    | 27369 ||| BUYING potion of heal wounds (210 gold).
 27369 | Orc:2    | Bought a potion of heal wounds for 210 gold pieces
 27369 | Orc:2    | 27369 ||| BUYING potion of might (168 gold).
 27369 | Orc:2    | Bought a potion of might for 168 gold pieces
 27369 | Orc:2    | 27369 ||| BUYING potion of might (168 gold).
 27369 | Orc:2    | Bought a potion of might for 168 gold pieces
 27369 | Orc:2    | 27369 ||| BUYING scroll of teleportation (126 gold).
 27369 | Orc:2    | Bought a scroll of teleportation for 126 gold pieces
 27369 | Orc:2    | Found Ono Xoifext's General Store.
 27371 | Orc:2    | Found Allir's Armour Shoppe.
 27377 | Orc:2    | 27377 ||| BUYING potion of curing (45 gold).
 27377 | Orc:2    | Bought a potion of curing for 45 gold pieces
 27377 | Orc:2    | 27377 ||| BUYING potion of magic (120 gold).
 27377 | Orc:2    | Bought a potion of magic for 120 gold pieces
 27523 | Orc:1    | Found Feavunue's Weapon Shoppe.
 27534 | Orc:1    | Found Tioggasa's Jewellery Shop.
 27572 | Orc:1    | 27572 ||| BUYING amulet "Suqaz" {Reflect rPois SH+5} (412
                  | gold).
 27572 | Orc:1    | Bought an amulet "Suqaz" {Reflect rPois SH+5} for 412 gold
                  | pieces
 27572 | Orc:1    | 27572 ||| BUYING ring of ice (250 gold).
 27572 | Orc:1    | Bought a ring of ice for 250 gold pieces
 27578 | Orc:1    | 27578 ||| Stepping ~*~*~tactically~*~*~ (stealth).
 27580 | Orc:1    | 27580 ||| Stepping ~*~*~tactically~*~*~ (hiding).
 27581 | Orc:1    | 27581 ||| INVOKING Heroism.
 27582 | Orc:1    | 27582 ||| Stepping ~*~*~tactically~*~*~ (hiding).
 27585 | Orc:1    | 27585 ||| Stepping ~*~*~tactically~*~*~ (hiding).
 27713 | Orc:1    | Found Icvoptes's General Store.
 27721 | Orc:1    | 27721 ||| BUYING 2 potions of cancellation (176 gold).
 27721 | Orc:1    | Bought 2 potions of cancellation for 176 gold pieces
 27721 | Orc:1    | 27721 ||| BUYING potion of attraction (33 gold).
 27721 | Orc:1    | Bought a potion of attraction for 33 gold pieces
 27721 | Orc:1    | 27721 ||| BUYING scroll of teleportation (33 gold).
 27721 | Orc:1    | Bought a scroll of teleportation for 33 gold pieces
 27880 | Orc:1    | Found Hemakiol's Jewellery Shop.
 28002 | Orc:1    | 28002 ||| PLANNING SHOALS:1-3
 28002 | Orc:1    | 28002 ||| UPGRADING to amulet "Suqaz" {Reflect rPois SH+5}.
 28012 | Orc:1    | 28012 ||| DROPPING amulet of regeneration.
 28186 | Shoals:1 | Entered Level 1 of the Shoals
 28245 | Shoals:1 | 28245 ||| INVOKING Heroism.
 28301 | Shoals:1 | 28301 ||| Stepping ~*~*~tactically~*~*~ (stealth).
 28310 | Shoals:1 | 28310 ||| Stepping ~*~*~tactically~*~*~ (stealth).
 28313 | Shoals:1 | 28313 ||| Stepping ~*~*~tactically~*~*~ (stealth).
 28330 | Shoals:1 | 28330 ||| Stepping ~*~*~tactically~*~*~ (stealth).
 28354 | Shoals:1 | 28354 ||| Stepping ~*~*~tactically~*~*~ (stealth).
 28387 | Shoals:1 | 28387 ||| Stepping ~*~*~tactically~*~*~ (hiding).
 28390 | Shoals:1 | 28390 ||| INVOKING Heroism.
 28411 | Shoals:1 | 28411 ||| INVOKING Finesse.
 28535 | Shoals:1 | 28535 ||| INVOKING Heroism.
 28911 | Shoals:1 | 28911 ||| INVOKING Heroism.
 28912 | Shoals:1 | 28912 ||| Stepping ~*~*~tactically~*~*~ (hiding).
 29042 | Shoals:1 | Noticed Jorgrun
 29043 | Shoals:1 | 29043 ||| INVOKING Heroism.
 29044 | Shoals:1 | 29044 ||| INVOKING Finesse.
 29065 | Shoals:1 | Killed Jorgrun
 29357 | Shoals:1 | 29357 ||| INVOKING Heroism.
 29358 | Shoals:1 | 29358 ||| INVOKING Finesse.
 29530 | Shoals:1 | 29530 ||| INVOKING Heroism.
 29531 | Shoals:1 | 29531 ||| INVOKING Finesse.
 29834 | Shoals:1 | 29834 ||| Stepping ~*~*~tactically~*~*~ (hiding).
 29838 | Shoals:1 | 29838 ||| Stepping ~*~*~tactically~*~*~ (hiding).
 30225 | Shoals:2 | Identified the +6 war axe of Bowecw {vorpal, rPois}
                  | (Okawaru gifted it to you on level 2 of the Shoals)
 30225 | Shoals:2 | Received a gift from Okawaru
 30244 | Shoals:2 | 30244 ||| DROPPING +6 war axe of Bowecw {vorpal, rPois}.
 30257 | Shoals:2 | Found Volumpo's Armour Shop.
 30272 | Shoals:2 | 30272 ||| Stepping ~*~*~tactically~*~*~ (hiding).
 30341 | Shoals:2 | 30341 ||| INVOKING Heroism.
 30570 | Shoals:2 | Reached XP level 17. HP: 108/108 MP: 22/24
 30582 | Shoals:2 | Reached skill level 18 in Axes
 31000 | Shoals:2 | 31000 ||| INVOKING Heroism.
 31001 | Shoals:2 | 31001 ||| INVOKING Finesse.
 31591 | Shoals:3 | 31591 ||| INVOKING Heroism.
 31676 | Shoals:3 | 31676 ||| INVOKING Heroism.
 31710 | Shoals:3 | 31710 ||| Stepping ~*~*~tactically~*~*~ (stealth).
 31713 | Shoals:3 | 31713 ||| Stepping ~*~*~tactically~*~*~ (stealth).
 31716 | Shoals:3 | 31716 ||| Stepping ~*~*~tactically~*~*~ (stealth).
 31719 | Shoals:3 | 31719 ||| Stepping ~*~*~tactically~*~*~ (stealth).
 31720 | Shoals:3 | 31720 ||| Stepping ~*~*~tactically~*~*~ (stealth).
 31726 | Shoals:3 | 31726 ||| Stepping ~*~*~tactically~*~*~ (stealth).
 31765 | Shoals:3 | 31765 ||| FLEEEEING.
 31775 | Shoals:3 | 31775 ||| FLEEEEING.
 31776 | Shoals:3 | 31776 ||| FLEEEEING.
 31777 | Shoals:3 | 31777 ||| FLEEEEING.
 31778 | Shoals:3 | 31778 ||| STAIRDANCE
 31850 | Shoals:3 | 31850 ||| STAIRDANCE
 31852 | Shoals:2 | 31852 ||| INVOKING Heroism.
 31976 | Shoals:3 | 31976 ||| INVOKING Heroism.
 32071 | Shoals:3 | 32071 ||| INVOKING Heroism.
 32072 | Shoals:3 | 32072 ||| INVOKING Finesse.
 32212 | Shoals:3 | 32212 ||| INVOKING Heroism.
 32458 | Shoals:3 | 32458 ||| Stepping ~*~*~tactically~*~*~ (stealth).
 32460 | Shoals:3 | 32460 ||| INVOKING Heroism.
 32517 | Shoals:3 | 32517 ||| FLEEEEING.
 32518 | Shoals:3 | 32518 ||| FLEEEEING.
 32519 | Shoals:3 | 32519 ||| FLEEEEING.
 32521 | Shoals:3 | 32521 ||| FLEEEEING.
 32522 | Shoals:3 | 32522 ||| FLEEEEING.
 32523 | Shoals:3 | 32523 ||| FLEEEEING.
 32524 | Shoals:3 | 32524 ||| STAIRDANCE
 32687 | Shoals:3 | Identified the +1 ring mail of the Flute {rPois rC+ Dex+3}
 32778 | Shoals:3 | 32778 ||| Stepping ~*~*~tactically~*~*~ (hiding).
 32780 | Shoals:3 | 32780 ||| Stepping ~*~*~tactically~*~*~ (hiding).
 32781 | Shoals:3 | 32781 ||| Stepping ~*~*~tactically~*~*~ (hiding).
 32782 | Shoals:3 | 32782 ||| Stepping ~*~*~tactically~*~*~ (hiding).
 32783 | Shoals:3 | 32783 ||| Stepping ~*~*~tactically~*~*~ (hiding).
 32804 | Shoals:3 | 32804 ||| FLEEEEING.
 32811 | Shoals:3 | Received a gift from Okawaru
 32812 | Shoals:3 | 32812 ||| FLEEEEING.
 32814 | Shoals:3 | 32814 ||| FLEEEEING.
 32815 | Shoals:3 | 32815 ||| FLEEEEING.
 32816 | Shoals:3 | 32816 ||| FLEEEEING.
 32817 | Shoals:3 | 32817 ||| FLEEEEING.
 32818 | Shoals:3 | 32818 ||| FLEEEEING.
 32819 | Shoals:3 | 32819 ||| FLEEEEING.
 32820 | Shoals:3 | 32820 ||| FLEEEEING.
 32824 | Shoals:3 | 32824 ||| STAIRDANCE
 33220 | Shoals:3 | 33220 ||| PLANNING SNAKE:1-3
 33308 | Snake:1  | Entered Level 1 of the Snake Pit
 33499 | Snake:1  | 33499 ||| Stepping ~*~*~tactically~*~*~ (hiding).
 33507 | Snake:1  | 33507 ||| INVOKING Heroism.
 33629 | Snake:1  | 33629 ||| Stepping ~*~*~tactically~*~*~ (hiding).
 33717 | Snake:1  | 33717 ||| INVOKING Heroism.
 33921 | Snake:1  | 33921 ||| INVOKING Heroism.
 33925 | Snake:1  | 33925 ||| Stepping ~*~*~tactically~*~*~ (hiding).
 33926 | Snake:1  | 33926 ||| Stepping ~*~*~tactically~*~*~ (hiding).
 33928 | Snake:1  | 33928 ||| Stepping ~*~*~tactically~*~*~ (hiding).
 34380 | Snake:2  | 34380 ||| INVOKING Heroism.
 34667 | Snake:2  | 34667 ||| Stepping ~*~*~tactically~*~*~ (stealth).
 34695 | Snake:2  | 34695 ||| Stepping ~*~*~tactically~*~*~ (hiding).
 35334 | Snake:2  | 35334 ||| Stepping ~*~*~tactically~*~*~ (hiding).
 35336 | Snake:2  | 35336 ||| Stepping ~*~*~tactically~*~*~ (hiding).
 35338 | Snake:2  | 35338 ||| Stepping ~*~*~tactically~*~*~ (hiding).
 35842 | Snake:3  | 35842 ||| INVOKING Heroism.
 35849 | Snake:3  | Reached skill level 15 in Fighting
 35860 | Snake:3  | 35860 ||| INVOKING Heroism.
 35865 | Snake:3  | HP: 19/113 [naga sharpshooter/arrow (15)]
 35865 | Snake:3  | HP: 1/113 [salamander/+0 glaive (14)]
 35866 | Snake:3  | 35866 ||| READING 14 scrolls of teleportation.
 35866 | Snake:3  | Constricted to death by an anaconda

Levels and vault maps discovered:
D:1:      noname_arrival_rooms_in_the_neighbourhood, layout_basic
D:2:      layout_basic, minmay_vboxes, uniq_natasha
D:3:      layout_loops_ring, serial_park_tiny_2, minmay_misc_feat_enclosed,
          minmay_ogre_servants, uniq_sigmund
D:4:      layout_basic, minmay_temple_entry_junction, minivault_11, uniq_ijyb
D:5:      layout_basic, serial_bayou_crossing, uniq_menkaure,
          uniq_prince_ribbit1, uniq_edmund
D:6:      layout_basic, serial_shops, nicolae_shop_overgrown_old_shop
D:7:      layout_loops_ring, serial_rivers, chequers_serial_rivers_room_b,
          chequers_serial_rivers_room_a, chequers_serial_rivers_micro_c,
          chequers_serial_rivers_small_b, nicolae_elemental_shop
D:8:      layout_rooms, grunt_temple_overflow_lords_of_destruction,
          nicolae_elyvilon_temple_path, nicolae_qazlal_eye_of_the_storm,
          minmay_ruffians
D:9:      layout_cave_pods
D:10:     layout_cross, lair_entry_dummy, zombieorc1_lemuel
D:11:     layout_loops_ring, dk_vineyard_3, uniq_lodul
D:12:     layout_cave_pools, gauntlet_entry_generic,
          nicolae_sif_muna_little_library
D:13:     layout_layer_cave, serial_shops, shop
D:14:     layout_roguey, grunt_vaults_entry_fortified
D:15:     gammafunk_enter_depths_forms, layout_layer_cave, nicolae_wwwww,
          uniq_roxanne
Temple:   dpeg_five_rooms_temple
Lair:1:   layout_layer_cave, serial_bayou_shore_b, lemuel_fruit_fields,
          serial_bayou_shore_b, grunt_megastairs_3, lemuel_fruit_fields,
          uniq_harold
Lair:2:   layout_roguey, guppyfry_snake_entry_garden, minmay_lindwurm_lava,
          uniq_sonja
Lair:3:   layout_small_grid, elwin_shoals_entry_rocks, dpeg_oklob_1
Lair:4:   layout_long_grid, dpeg_slime_entry_enclosed,
          portal_ice_cave_entry_animals_and_master, st_stairs_8,
          lemuel_old_faithful
Lair:5:   gammafunk_lair_ancient_temple, layout_big_grid,
          maelrawn_ghost_gauntlet_escape, lemuel_fruit_tree
Shoals:1: layout_shoals, uniq_jorgrun
Shoals:2: layout_shoals, serial_shops, nicolae_shop_hallway_stairs,
          nicolae_shoals_siren_and_animal_friends
Shoals:3: layout_shoals, st_shoals_ruin
Snake:1:  layout_misc_corridors, serial_bayou_shore_a, grunt_megastairs_1
Snake:2:  layout_chambers
Snake:3:  layout_onion_interference, grunt_ministairs_9,
          nicolae_snake_ghostly_warrior_ritual, serial_bayou_shore_b,
          minmay_shop_grove
Orc:1:    layout_diamond_mine, serial_shops, nicolae_shop_bloodbath_and_beyond,
          nicolae_diamond_shop, shop, nicolae_shop_trees, shop, uniq_gastronok
Orc:2:    st_orc_elflike, layout_caves

Skill      XL: |  1  2  3  4  5  6  7  8  9 10 11 12 13 14 15 16 17 |
---------------+----------------------------------------------------+-----
Axes           | 2 3 4 6 7 8 9 11 13 14 16 17 18 | 18.0
Fighting       | 4 5 7 8 9 10 11 12 13 15 | 15.0
Armour         | 4 5 7 8 9 11 12 13 14 | 14.0
Dodging        | 1 2 3 |  3.0
Invocations    | 4 8 10 | 10.0
Throwing       | 1 2 4 6 7 8 |  8.0
Shields        | 4 5 6 7 8 13 14 | 14.1

Action                   |  1- 3 |  4- 6 |  7- 9 | 10-12 | 13-15 | 16-18 || total
-------------------------+-------+-------+-------+-------+-------+-------++-------
Melee: War axe           |    76 |   167 |   357 |   511 |   897 |       ||  2008
       Whip              |       |       |       |    16 |    17 |       ||    33
       Broad axe         |       |       |       |       |   170 |  1133 ||  1303
Throw: Boomerang         |       |       |    68 |   123 |    12 |    60 ||   263
       Javelin           |       |       |       |       |    51 |    54 ||   105
Invok: Heroism           |       |       |    15 |    30 |    32 |    33 ||   110
       Finesse           |       |       |       |     2 |    11 |     6 ||    19
  Use: Scroll            |     3 |     3 |    17 |     6 |     4 |     2 ||    35
       Potion            |       |     1 |     2 |       |     3 |     1 ||     7
Armor: Scale mail        |    53 |    53 |       |       |       |       ||   106
       Plate armour      |       |    42 |   233 |   335 |   633 |   429 ||  1672
Dodge: Dodged            |    26 |    55 |    95 |   157 |   408 |   333 ||  1074
Block: Buckler           |    11 |    27 |    54 |   100 |   141 |       ||   333
       Kite shield       |       |       |       |       |   239 |   712 ||   951
       Reflection        |       |       |       |       |       |    46 ||    46

Table legend:
 A = Non-vault XP
 B = Vault XP
 C = Vault XP percentage of total XP
 D = Non-vault monster count
 E = Vault monster count
 F = Vault count percentage of total count
                 A         B        C        D         E       F
            +---------+---------+-------+---------+---------+-------
      Total |  182648 |   53741 |  22.7 |     717 |     177 |  19.8
            +---------+---------+-------+---------+---------+-------
        D:1 |      30 |       0 |   0.0 |      17 |       0 |   0.0
        D:2 |     132 |      50 |  27.5 |      30 |       8 |  21.1
        D:3 |      72 |     373 |  83.8 |      17 |      10 |  37.0
        D:4 |      38 |      38 |  50.0 |      11 |       1 |   8.3
        D:5 |     505 |     585 |  53.7 |      20 |       3 |  13.0
        D:6 |    1301 |       0 |   0.0 |      25 |       0 |   0.0
        D:7 |     918 |       0 |   0.0 |      24 |       0 |   0.0
        D:8 |    1227 |    1008 |  45.1 |      29 |       6 |  17.1
        D:9 |    2159 |       0 |   0.0 |      22 |       0 |   0.0
       D:10 |    4385 |     623 |  12.4 |      22 |      27 |  55.1
       D:11 |    8390 |    1690 |  16.8 |      37 |       9 |  19.6
       D:12 |    6592 |       0 |   0.0 |      17 |       0 |   0.0
       D:13 |    8584 |       0 |   0.0 |      24 |       0 |   0.0
       D:14 |    7213 |    5367 |  42.7 |      14 |      10 |  41.7
       D:15 |   17502 |    6224 |  26.2 |      38 |      10 |  20.8
     Lair:1 |    3346 |    1369 |  29.0 |      13 |       3 |  18.8
     Lair:2 |    9912 |    1095 |   9.9 |      52 |       3 |   5.5
     Lair:3 |   11958 |    1122 |   8.6 |      29 |       2 |   6.5
     Lair:4 |    4536 |    1922 |  29.8 |      18 |       9 |  33.3
     Lair:5 |   14157 |    9171 |  39.3 |      31 |      22 |  41.5
   Shoals:1 |   19856 |    1886 |   8.7 |      35 |       1 |   2.8
   Shoals:2 |   10217 |    1704 |  14.3 |      25 |       4 |  13.8
   Shoals:3 |   16771 |    4808 |  22.3 |      37 |       8 |  17.8
    Snake:1 |    9361 |     867 |   8.5 |      19 |       2 |   9.5
    Snake:2 |   14322 |       0 |   0.0 |      29 |       0 |   0.0
    Snake:3 |    2279 |       0 |   0.0 |       6 |       0 |   0.0
      Orc:1 |    4326 |    1502 |  25.8 |      40 |       1 |   2.4
      Orc:2 |    2559 |    8081 |  75.9 |      36 |      25 |  41.0
   Gauntlet |       0 |    4256 | 100.0 |       0 |      13 | 100.0
            +---------+---------+-------+---------+---------+-------
